 Dungeon Crawl Stone Soup version 0.31.0-12-g77e489cdc1 (webtiles) character file.

Game seed: 12553443860081453500

42 Curundu the Chopper (level 3, -2/29 HPs)
             Began as a Human Cinder Acolyte on Feb 15, 2024.
             Was a High Priest of Ignis.
             Slain by an adder (4 damage)
             ... on level 2 of the Dungeon.
             The game lasted 00:03:32 (1004 turns).

Curundu the Chopper (Human Cinder Acolyte)          Turns: 1004, Time: 00:03:32

Health: -2/29      AC:  2    Str: 16    XL:     3   Next: 54%
Magic:  4/4        EV: 11    Int: 14    God:    Ignis [*****.]
Gold:   68         SH:  0    Dex:  8    Spells: 4/4 levels left

rFire   + . .        a - -1 hand axe (flame)
rCold   . . .        (no shield)
rNeg    . . .        b - +0 robe
rPois   .            (no helmet)
rElec   .            (no cloak)
rCorr   .            (no gloves)
SInv    .            (no boots)
Will    .....        (no amulet)
Stlth   +            (no ring)
HPRegen 0.24/turn    (no ring)
MPRegen 0.09/turn

%: no passive effects
@: lethally poisoned (-2 -> -5)
A: explore regen
a: Renounce Religion, Fiery Armour, Foxfire Swarm, Rising Flame


You were on level 2 of the Dungeon.
You worshipped Ignis.
Ignis was extremely pleased with you.
You visited 1 branch of the dungeon, and saw 2 of its levels.

You collected 68 gold pieces.

Inventory:

Hand Weapons
 a - a -1 hand axe of flaming (weapon)
Missiles
 g - 2 boomerangs (quivered)
Armour
 b - a +0 robe (worn)
Jewellery
 e - an amulet of the acrobat
Scrolls
 f - 2 scrolls of teleportation {unknown}
Potions
 c - a potion of lignification {unknown}
 d - a potion of attraction {unknown}
 h - a potion of invisibility {unknown}
 i - 2 potions of curing {unknown}


   Skills:
 + Level 3.4 Fighting
 + Level 3.5 Axes
 + Level 0.4 Dodging
 + Level 0.3 Stealth
 + Level 1.1 Spellcasting
 + Level 3.4 Fire Magic


You had 4 spell levels left.
You didn't know any spells.
Your spell library contained the following spells:

 Spells                   Type           Power      Damage    Failure   Level
 Scorch                   Fire           20%        2d5       10%         2
 Leda's Liquefaction      Alch/Erth      0%         N/A       95%         4
 Lee's Rapid Deconstruct  Erth           0%         3d4*      100%        5
 Bombard                  Conj/Erth      0%         9d1       100%        6


Dungeon Overview and Level Annotations

Branches:
Dungeon (2/15)

Altars:


Innate Abilities, Weirdness & Mutations

You regain HP and MP as you explore.


Message History

You miss the adder. The quokka bites you. The adder barely misses you.
The quokka bites you.
The endoplasm hits you but does no damage.
You completely miss the quokka.
The quokka is moderately wounded.
You hit the endoplasm. You burn the endoplasm. You miss the adder.
The adder bites you. The quokka barely misses you. The endoplasm freezes you.
You are frozen.
The adder bites you. The quokka barely misses you.
The quokka attacks as it pursues you! The quokka barely misses you.
You don't know any spells.
The adder attacks as it pursues you! The adder bites you but does no damage.
The adder attacks as it pursues you! The adder bites you but does no damage.
The quokka bites you. The quokka closely misses you.
The adder closely misses you.
You slash the quokka! You burn the quokka.
You kill the quokka!
The adder closely misses you.
You miss the adder. The adder completely misses you.
You miss the adder. The adder closely misses you.
You hit the adder. You burn the adder.
The adder is severely wounded.
The adder bites you. The adder closely misses you.
You miss the adder.
The adder is severely wounded.
The adder bites you.
You are poisoned.
The adder poisons you!
You miss the adder.
The adder is severely wounded.
You feel sick. The adder bites you.
* * * LOW HITPOINT WARNING * * *
The adder bites you.
* * * LOW HITPOINT WARNING * * *
You barely miss the adder.
The adder is severely wounded.
* * * LOW HITPOINT WARNING * * *
You feel sick. The adder bites you.
You die...

.. ........# ..:##
#.#....# ...#.
##.#....#
......####.......# .#
#...#.....# ...
#...$?.##
#.###....$..##
#.........#..#######
##....#..#..#.JS@...#
........###.#######.#
#####..## #)........#
#...#####....######
.# #.#...†...##...#
#.# #.#..#########.#
#.# .....# #.## #.#
#...#... #..####.#
..######. ##....#.#


You could see an adder and an endoplasm.

Vanquished Creatures
  2 adders (D:2)
  4 ball pythons
  2 bats (D:1)
  A giant cockroach (D:2)
  A goblin (D:1)
  4 hobgoblins
  3 kobolds
  A quokka (D:2)
  3 frilled lizards
  A rat (D:1)
22 creatures vanquished.

Notes
Turn   | Place    | Note
-------+----------+-------------------------------------------
     0 | D:1      | Curundu the Human Cinder Acolyte began the quest for the
                  | Orb.
     0 | D:1      | Reached XP level 1. HP: 18/18 MP: 2/2
   199 | D:1      | Reached XP level 2. HP: 24/24 MP: 3/3
   338 | D:1      | You fall into a shaft and drop 1 floor!
   582 | D:1      | Reached XP level 3. HP: 20/29 MP: 4/4
  1004 | D:2      | Slain by an adder

Illustrated notes

Levels and vault maps discovered:
D:1:      ncdulo_wetmaze, layout_loops_ring
D:2:      layout_rooms, dreamdust_ecumenical_altar_sealed_demon, serial_shops,
          nicolae_shop_peninsula, minmay_split_cup_small

Action                     || total
---------------------------++-------
  Melee: Hand axe          ||    88
 Armour: Robe              ||    68
  Dodge: Dodged            ||    69
